[Event "Januariturneringen 2010"]
[Site "?"]
[Date "2010.01.10"]
[Round "7"]
[White "Vikström, Christoffer"]
[Black "Kärrlander, Gunnar"]
[Result "1-0"]
[ECO "C00"]
[WhiteElo "1819"]
[BlackElo "1950"]
[Annotator "Persson,Per"]
[PlyCount "67"]
[TimeControl "240+2"]

{318MB, Fritz10.ctg} 1. e4 e6 2. d3 d5 3. Nd2 c5 4. Ngf3 Nc6 5. g3 Nf6 6. Bg2
Be7 7. O-O O-O 8. Re1 b5 9. e5 Nd7 10. Nf1 b4 11. h4 a5 12. c3 Rb8 13. c4 Nb6
14. Qe2 a4 15. Bf4 Na5 16. Ne3 Bb7 17. Nd2 dxc4 18. dxc4 Bxg2 19. Kxg2 Nc6 20.
Ne4 Nd4 21. Qg4 Kh8 22. h5 Rc8 23. Ng5 Nxc4 24. Nxc4 Qd5+ 25. Kh3 Qxc4 26. h6
g6 27. Ne4 Qd5 28. Bg5 Bxg5 29. Qxg5 Qd8 30. Qf4 Qe7 31. Rac1 Nf5 32. Red1 Rfd8
33. Nd6 Rc7 34. Nxf7+ 1-0

[Event "Januariturneringen 2010"]
[Site "?"]
[Date "2010.01.10"]
[Round "7"]
[White "Ahlin, Jim"]
[Black "Fuentes, Ruben"]
[Result "1-0"]
[ECO "A45"]
[WhiteElo "1904"]
[BlackElo "1869"]
[Annotator "Persson,Per"]
[PlyCount "78"]
[TimeControl "240+2"]

{318MB, Fritz10.ctg} 1. d4 Nf6 2. Nd2 e5 3. dxe5 Ng4 4. Ngf3 Nc6 5. e3 Ngxe5 6.
Nc4 Nxf3+ 7. Qxf3 d5 8. Nd2 Ne5 9. Qg3 Qf6 10. f4 Ng6 11. Bd3 Bf5 12. O-O Bc5
13. Kh1 O-O-O 14. e4 dxe4 15. Nxe4 Bxe4 16. Bxe4 Rde8 17. Bd3 Qd4 18. a4 a6 19.
a5 Kb8 20. Bd2 Qf6 21. b4 Ba7 22. Rab1 Nh4 23. b5 axb5 24. Bxb5 Qd4 25. Bxe8
Rxe8 26. Qxh4 Re2 27. Qg5 Qe4 28. Qg3 Rxd2 29. Qf3 Qxf3 30. Rxf3 Bc5 31. Rfb3
b6 32. axb6 Bxb6 33. Rd3 Rxc2 34. Rd7 Rf2 35. Re1 Kc8 36. Rxf7 Be3 37. h3 Ra2
38. Rxg7 c5 39. f5 Ra4 1-0

[Event "Januariturneringen 2010"]
[Site "?"]
[Date "2010.01.10"]
[Round "7"]
[White "Fahlberg, Kenneth"]
[Black "Södervall, Ulf"]
[Result "1/2-1/2"]
[ECO "D78"]
[WhiteElo "1784"]
[BlackElo "1718"]
[Annotator "Persson,Per"]
[PlyCount "85"]
[TimeControl "240+2"]

{318MB, Fritz10.ctg} 1. d4 d5 2. c4 c6 3. g3 Nf6 4. Bg2 g6 5. Nf3 Bg7 6. Nc3
dxc4 7. a4 O-O 8. O-O Bf5 9. Ne5 Qc8 10. Nxc4 Bh3 11. e4 Bxg2 12. Kxg2 Rd8 13.
Be3 Ng4 14. e5 Nxe3+ 15. fxe3 Na6 16. Qe2 Nb4 17. Rad1 Nd5 18. Nxd5 cxd5 19.
Nd2 e6 20. e4 Qc2 21. exd5 exd5 22. Qf2 Qc7 23. Rc1 Qd7 24. b3 Rac8 25. Qf4
Rxc1 26. Rxc1 Rc8 27. Nf3 h6 28. h4 Rxc1 29. Qxc1 Qc6 30. Qxc6 bxc6 31. Kf2 Bf8
32. Ke3 Bb4 33. g4 Kf8 34. h5 g5 35. Ng1 Ke7 36. Ne2 f6 37. exf6+ Kxf6 38. Ng3
a5 39. Nf5 Bf8 40. Kd3 Ke6 41. Ne3 Kd6 42. Nf5+ Kc7 43. Ne3 1/2-1/2

[Event "Januariturneringen 2010"]
[Site "?"]
[Date "2010.01.10"]
[Round "7"]
[White "Prokopic, Novak"]
[Black "Forsberg, Mikael"]
[Result "0-1"]
[ECO "D13"]
[WhiteElo "1436"]
[BlackElo "1563"]
[Annotator "Persson,Per"]
[PlyCount "68"]
[TimeControl "240+2"]

{318MB, Fritz10.ctg} 1. d4 d5 2. c4 c6 3. cxd5 cxd5 4. Nc3 Nf6 5. Nf3 Nc6 6. a3
e6 7. Bf4 Bd6 8. Bxd6 Qxd6 9. Nb5 Qe7 10. Qd2 O-O 11. h3 Bd7 12. Qf4 a6 13. Nc3
b5 14. b4 Rac8 15. Qd2 e5 16. dxe5 Nxe5 17. Nxd5 Nxf3+ 18. gxf3 Nxd5 19. Qxd5
Rfd8 20. Qb3 Qf6 21. Rd1 Be6 22. Rxd8+ Rxd8 23. Qd3 Qa1+ 24. Kd2 Qb2+ 25. Ke3
Rxd3+ 26. Kxd3 Qxa3+ 27. Kc2 Qxb4 28. Bg2 a5 29. Rb1 Qc4+ 30. Kd2 b4 31. e4
Qc3+ 32. Kd1 Bb3+ 33. Rxb3 Qxb3+ 34. Ke2 a4 0-1